Map: Orbitalwerft

Players

DanchikLol - Winner!

  • Race: Terran Terran
  • League: Gold

Mossun

  • Race: Protoss Protoss
  • League: Gold

VOD

Have the link to the VOD?

Description

Time

  • Played on: Dec. 8, 2015, 1:14 p.m.
  • Length: 10:08
Show
View Real Time Build Order
Export as new Build Order

DanchikLol Terran - Winner!

Build Orders: Bio Tank, MMM Bio 

Get SALT Encoding   

  12  0:00  SCV  
  13  0:13  SCV  
  14  0:17  Supply Depot  
  14  0:25  SCV  
  15  0:39  SCV  
  15  0:41  Barracks  
  16  0:51  SCV, Refinery  
  17  1:03  SCV  
  18  1:15  SCV  
  18  1:17  Refinery  
  19  1:27  Orbital Command  
  19  1:28  Supply Depot  
  19  1:30  Marine  
  20  1:42  Supply Depot  
  20  1:48  Marine  
  21  1:57  SCV  
  22  2:15  SCV, Factory  
  23  2:27  SCV  
  24  2:30  Barracks  
  24  2:32  Barracks  
  24  2:34  Barracks Reactor  
  24  2:55  SCV  
  25  3:02  Factory Reactor  
  25  3:06  Starport  
  25  3:07  SCV  
  26  3:13  Marine  
  26  3:14  Marine  
  26  3:18  Barracks Tech Lab  
  28  3:22  Engineering Bay  
  28  3:23  SCV, Supply Depot  
  28  3:25  Barracks Tech Lab  
  29  3:31  Marine x2  
  31  3:41  Stimpack  
  31  3:49  Terran Infantry Weapons Level 1  
  31  3:53  SCV  
  31  3:54  Factory Tech Lab, Marine x2  
  31  3:55  Marine  
  35  3:57  Combat Shields  
  35  4:05  Marine  
  35  4:08  Medivac  
  38  4:12  Marine  
  38  4:15  Supply Depot  
  39  4:17  Marine x2  
  39  4:23  SCV, Marine  
  43  4:27  Medivac  
  45  4:32  Marine  
  45  4:35  Marine  
  47  4:39  Supply Depot  
  47  4:46  Missile Turret  
  47  4:48  Marine  
  47  4:49  Marine  
  49  4:52  Medivac  
  49  4:56  Marine  
  52  5:07  Supply Depot  
  52  5:11  SCV  
  53  5:23  Command Center  
  53  5:29  Siege Tank  
  54  6:03  Marine x2  
  54  6:04  Marauder x2  
  53  6:21  Marine  
  53  6:23  Siege Tank, Marine  
  53  6:25  Terran Infantry Armor Level 1, Marauder, Marine  
  56  6:33  SCV  
  56  6:34  Orbital Command  
  57  6:43  Refinery  
  57  6:45  SCV  
  57  6:46  Refinery  
  58  6:51  Marauder  
  58  6:52  Marauder  
  62  6:55  Siege Tank  
  62  7:00  SCV  
  66  7:12  Marine x3  
  69  7:16  SCV  
  69  7:17  SCV  
  69  7:20  Medivac  
  73  7:25  Marauder  
  73  7:27  Siege Tank  
  73  7:28  SCV  
  73  7:29  SCV  
  80  7:32  Marine x2, Marauder  
  84  7:37  Viking  
  86  8:02  Command Center  
  86  8:04  Supply Depot  
  86  8:05  Supply Depot  
  86  8:06  Supply Depot  
  86  8:07  Supply Depot  
  86  8:08  SCV, Siege Tank  
  90  8:21  Medivac  
  92  8:34  Supply Depot  
  92  8:38  SCV  
  92  8:39  Supply Depot  
  92  8:40  Supply Depot, SCV  
  92  8:41  Supply Depot  
  94  8:45  Viking  
  96  8:50  SCV  
  96  8:52  SCV  
  96  8:53  Viking  
  100  9:00  Marauder, Marine  
  101  9:16  Marine  
  98  9:17  Marine, Marauder  
  98  9:21  Viking  
  98  9:22  Marauder  
  103  9:33  Medivac  
  103  9:35  SCV x3  
Show
View Real Time Build Order
Export as new Build Order

Mossun Protoss 

Build Orders:  

Get SALT Encoding   

  12  0:01  Probe (Chrono Boost)  
  13  0:12  Probe (Chrono Boost)  
  14  0:17  Pylon  
  14  0:22  Probe (Chrono Boost)  
  15  0:35  Probe (Chrono Boost)  
  16  0:36  Gateway  
  16  0:46  Probe (Chrono Boost)  
  16  0:48  Assimilator  
  18  0:57  Probe (Chrono Boost)  
  18  1:05  Pylon  
  18  1:07  Probe (Chrono Boost)  
  19  1:17  Gateway  
  19  1:19  Probe (Chrono Boost)  
  20  1:30  Probe (Chrono Boost)  
  21  1:39  Cybernetics Core  
  21  1:40  Probe (Chrono Boost)  
  22  1:51  Probe (Chrono Boost)  
  23  2:02  Probe (Chrono Boost)  
  24  2:13  Assimilator  
  24  2:16  Nexus  
  26  2:23  Mothership Core (Chrono Boost)  
  26  2:25  Adept  
  28  2:34  Warp Gate (Chrono Boost)  
  28  2:41  Gateway, Probe (Chrono Boost)  
  28  2:54  Probe (Chrono Boost), Pylon  
  29  2:58  Stalker  
  31  3:12  Sentry, Probe (Chrono Boost)  
  34  3:23  Probe  
  35  3:31  Probe  
  36  3:35  Stalker, Probe, Pylon  
  36  3:39  Pylon  
  39  3:43  Adept  
  39  3:46  Probe  
  39  3:48  Probe  
  43  3:54  Sentry  
  45  3:57  Probe  
  45  4:00  Probe  
  47  4:07  Probe  
  48  4:10  Robotics Facility  
  48  4:12  Probe  
  49  4:19  Probe (Chrono Boost)  
  51  4:24  Probe (Chrono Boost)  
  51  4:30  Probe (Chrono Boost)  
  52  4:35  Probe (Chrono Boost)  
  53  4:41  Probe (Chrono Boost)  
  53  4:45  Probe (Chrono Boost), Assimilator  
  55  4:50  Assimilator  
  55  4:51  Probe (Chrono Boost)  
  55  4:52  Stalker x3  
  60  4:53  Pylon  
  60  4:55  Pylon  
  60  4:56  Probe (Chrono Boost)  
  63  5:02  Probe (Chrono Boost)  
  63  5:04  Robotics Bay  
  63  5:06  Probe (Chrono Boost)  
  65  5:12  Probe (Chrono Boost)  
  66  5:17  Probe (Chrono Boost)  
  66  5:20  Cybernetics Core  
  67  5:23  Probe (Chrono Boost)  
  67  5:25  Forge x2  
  67  5:27  Probe (Chrono Boost)  
  69  5:29  Observer  
  69  5:34  Probe (Chrono Boost)  
  55  5:50  Mothership Core (Chrono Boost)  
  55  5:55  Stalker  
  55  5:56  Stalker x2  
  43  6:19  Stalker x3  
  49  6:26  Probe (Chrono Boost)  
  49  6:27  Probe (Chrono Boost)  
  51  6:37  Probe x2 (Chrono Boost)  
  51  6:48  Probe (Chrono Boost)  
  51  6:49  Probe (Chrono Boost)  
  51  6:54  Sentry  
  55  6:58  Probe (Chrono Boost)  
  55  7:00  Probe (Chrono Boost)  
  57  7:09  Probe (Chrono Boost)  
  57  7:10  Probe (Chrono Boost)  
  59  7:19  Probe (Chrono Boost)  
  59  7:21  Probe (Chrono Boost)  
  61  7:24  Colossus (Chrono Boost)  
  67  7:30  Probe x2  
  69  7:40  Probe  
  69  7:41  Stalker  
  69  7:42  Probe  
  73  7:50  Extended Thermal Lance (Chrono Boost)  
  73  7:52  Probe  
  73  7:54  Probe  
  75  8:03  Protoss Ground Weapons Level 1 (Chrono Boost), Protoss Ground Armor Level 1 (Chrono Boost)  
  75  8:04  Probe  
  76  8:06  Probe  
  76  8:10  Zealot  
  79  8:16  Probe  
  79  8:19  Photon Cannon  
  80  8:24  Colossus  
  86  8:51  Nexus  
  86  9:02  Photon Cannon  
  86  9:05  Photon Cannon  
  76  9:29  Pylon  
  76  9:31  Zealot  
  78  9:59  Nexus  
  78  10:03  Pylon  
  78  10:05  Pylon  
Tags
 
Add a new tag
Caveats
  • Supply blocks, unpowered buildings, or Contaminate may cause inaccurate times.
  • Supply counts are checked every 10 seconds.